 Dungeon Crawl Stone Soup version 0.23-a0-677-g07611c5723 (webtiles) character file.

155 Adamkad1 the Shield-Bearer (level 5, -1/32 HPs)
             Began as a Gargoyle Fighter on Jan 10, 2019.
             Killed from afar by an orc wizard (7 damage)
             ... with a puff of flame
             ... on level 3 of the Dungeon.
             The game lasted 00:03:32 (2374 turns).

Adamkad1 the Shield-Bearer (Gargoyle Fighter)       Turns: 2374, Time: 00:03:33

Health: -1/32      AC: 12    Str: 20    XL:     5   Next: 37%
Magic:  5/5        EV:  7    Int:  9    God:
Gold:   147        SH: 10    Dex:  9    Spells: 4/4 levels left

rFire    . . .     SeeInvis .   a - +0 flail
rCold    . . .     Gourm    .   c - +0 shield
rNeg     + . .     Faith    .   b - +0 scale mail
rPois    ∞         Spirit   .   (no helmet)
rElec    +         Reflect  .   r - scarf {cloud immunity}
rCorr    .         Harm     .   q - +0 pair of gloves
MR       .....                  (no boots)
Stlth    ..........             (no amulet)
HPRegen  0.10/turn              (no ring)
MPRegen  0.09/turn              (no ring)

@: no status effects
A: negative energy resistance 1, electricity resistance, unbreathing,
petrification resistance, rot immunity, AC +4
a: no special abilities


You were on level 3 of the Dungeon.
You were not hungry.

You visited 1 branch of the dungeon, and saw 3 of its levels.

You collected 147 gold pieces.

Inventory:

Hand Weapons
 a - a +0 flail (weapon)
Armour
 b - a +0 scale mail (worn)
 c - a +0 shield (worn)
 q - a +0 pair of gloves (worn)
 r - a scarf of cloud immunity (worn)
Scrolls
 e - 4 scrolls of identify {unknown}
 h - a scroll of fear {unknown}
 j - 3 scrolls of immolation {unknown}
 k - 3 scrolls of amnesia {unknown}
 n - 3 scrolls of magic mapping {unknown}
 p - 2 scrolls of remove curse {unknown}
Potions
 d - a potion of might
 i - 2 potions of lignification {unknown}
 l - a potion of agility {unknown}
 m - a potion of curing {unknown}
 o - a potion of degeneration {unknown}
 s - a potion of brilliance {unknown}
Comestibles
 f - 7 rations


   Skills:
 - Level 3.4 Fighting
 - Level 2.1 Maces & Flails
 - Level 3.4 Armour
 * Level 6.2 Shields


You had 4 spell levels left.
You didn't know any spells.
Your spell library was empty.

Dungeon Overview and Level Annotations

Branches:
Dungeon (3/15)

Altars:
Kikubaaqudgha
Yredelemnul
Zin
The Shining One

Annotations:
D:3 1 runed door


Innate Abilities, Weirdness & Mutations

You are resistant to torment.
Your stone body is resilient. (AC +4)
You are immune to poison.
You resist negative energy. (rN+)
You are resistant to electric shocks. (rElec)
You can survive without breathing.
You are immune to petrification.
You are immune to rotting.


Message History

You block the orc's attack. You block the orc wizard's attack.
You barely miss the orc wizard.
The orc wizard gestures at you while chanting.
The puff of frost hits you!
* * * LOW HITPOINT WARNING * * *
The orc hits you but does no damage.
The orc wizard points at you and mumbles some strange words.
The magic dart hits you! You block the orc's attack.
You sock the orc wizard!
The orc wizard is heavily wounded.
The orc wizard gestures at you while chanting.
The puff of frost hits you!
* * * LOW HITPOINT WARNING * * *
You block the orc wizard's attack. You block the orc's attack.
You closely miss the orc wizard.
The orc wizard is heavily wounded.
You block the orc wizard's attack. The orc wizard casts a spell at you.
The puff of flame hits you!
You die... ......))).....# #.# #.### #...# #...# #...# #o..# #oog#

.# #@### #.# #...###.#
###.....# ## #.....#..#
#.....##.# #.....##.#
########### #.....##.#
..........# #......#.#
#.........########.####.#.#


You could see an orc wizard, 2 orcs and a goblin.

Vanquished Creatures
  An orc priest (D:3)
  4 adders
  3 oozes
  2 dart slugs
  A leopard gecko (D:3)
  6 orcs (D:3)
  11 bats
  A giant cockroach (D:1)
  7 hobgoblins
  6 jackals
  6 kobolds
  A ball python (D:2)
  4 frilled lizards
  6 goblins
  10 rats
69 creatures vanquished.

Notes
Turn   | Place    | Note
-------+----------+-------------------------------------------
     0 | D:1      | Adamkad1 the Gargoyle Fighter began the quest for the Orb.
     0 | D:1      | Reached XP level 1. HP: 14/14 MP: 1/1
   115 | D:1      | Reached XP level 2. HP: 17/19 MP: 2/2
   492 | D:1      | Reached skill level 4 in Shields
   536 | D:1      | Reached XP level 3. HP: 20/23 MP: 3/3
  1159 | D:2      | Found a glowing golden altar of the Shining One.
  1161 | D:2      | Noticed an angel
  1287 | D:2      | Found a basalt altar of Yredelemnul.
  1742 | D:2      | Noticed a profane servitor
  1772 | D:3      | Found an ancient bone altar of Kikubaaqudgha.
  1780 | D:3      | Reached skill level 5 in Shields
  1780 | D:3      | Reached XP level 4. HP: 28/28 MP: 4/4
  2124 | D:3      | Found a glowing silver altar of Zin.
  2130 | D:3      | Found a runed door.
  2130 | D:3      | Noticed an angel
  2334 | D:3      | Reached XP level 5. HP: 28/32 MP: 5/5
  2358 | D:3      | Reached skill level 6 in Shields
  2374 | D:3      | Killed from afar by an orc wizard

Vault maps used:
D:1:      minmay_arrival_loop
D:2:      grunt_temple_overflow_holy_war, first_ration,
          corexii_item_surrounded_by_moat
D:3:      kiku_gazebo_pond_becter, lemuel_angel_altar

Skill      XL: |  1  2  3  4  5 |
---------------+----------------+-----
Shields        | 4 5 6 |  6.2
Fighting       | |  3.4
Maces & Flails | |  2.1
Armour         | |  3.4

Action                   |  1- 3 |  4- 6 || total
-------------------------+-------+-------++-------
Melee: Flail             |   133 |   157 ||   290
  Eat: Chunk             |     2 |     3 ||     5
Armor: Scale mail        |    89 |   109 ||   198
Dodge: Dodged            |    53 |    61 ||   114
Block: Shield            |    97 |   137 ||   234

Table legend:
 A = Non-vault XP
 B = Vault XP
 C = Vault XP percentage of total XP
 D = Non-vault monster count
 E = Vault monster count
 F = Vault count percentage of total count
                 A         B        C        D         E       F
            +---------+---------+-------+---------+---------+-------
      Total |     222 |       0 |   0.0 |      69 |       0 |   0.0
            +---------+---------+-------+---------+---------+-------
        D:1 |      45 |       0 |   0.0 |      26 |       0 |   0.0
        D:2 |      31 |       0 |   0.0 |      12 |       0 |   0.0
        D:3 |     146 |       0 |   0.0 |      31 |       0 |   0.0
            +---------+---------+-------+---------+---------+-------
